[Event "Indian Blitz Championship 2023"]
[Site "Nashik"]
[Date "2024.03.07"]
[Round "7.9"]
[White "Ratnakaran, K.."]
[Black "Kaustuv, Kundu"]
[Result "0-1"]
[ECO "B31"]
[WhiteElo "2258"]
[BlackElo "2388"]
[Annotator "TA"]
[PlyCount "70"]
[EventDate "2024.03.07"]
[EventType "blitz"]
[EventCountry "IND"]
[SourceTitle "playchess.com"]
[Source "ChessBase"]
[SourceQuality "1"]
[TimeControl "180+2"]

1. e4 c5 2. Nf3 Nc6 3. Bb5 g6 4. O-O Bg7 5. Re1 e5 6. b4 cxb4 7. a3 Nge7 8. axb4 O-O 9. Bb2 d6 10. c3 Be6 11. d3 a5 {[%emt 0:00:08] The position is equal.} 12. bxa5 Rxa5 13. Rxa5 Qxa5 14. Ba4 Ra8 15. Bb3 Bxb3 16. Qxb3 Qa2 17. Qc2 Ra6 18. Nbd2 Qa4 19. Qb1 h6 20. h3 b5 21. Bc1 b4 22. cxb4 Qxb4 23. Qc2 d5 24. exd5 Nxd5 25. Re4 Qb5 {[%emt 0:00:12] Black wants to play ...Ndb4.} 26. Rc4 Ndb4 27. Qb3 Ra1 28. Kh2 Qb8 (28... Qa4 $11) 29. Bb2 $2 {[%emt 0:00:09][%mdl 8192] [#] Loses the game.} (29. Ne4 $14) 29... e4+ $19 30. Be5 $2 (30. g3 Bxb2 (30... exf3 31. Bxg7 Kxg7 32. Qb2+ Qe5 33. Rxb4 $11) 31. Nxe4) 30... Bxe5+ 31. Nxe5 {[%emt 0:00:07] White is weak on the dark squares} Qxe5+ 32. g3 exd3 (32... Qf5 $142 33. Kg2 Nxd3 (33... exd3 $2 34. Rg4 $19) 34. f3 e3 35. g4 e2 36. gxf5 e1=Q (36... e1=R $2 {is the wrong capture.} 37. Qxd3 Ne5 38. Qd8+ Kh7 39. Re4 $18) 37. Nb1 Rxb1 (37... Qxb1 $2 38. Qxb1 Rxb1 39. Rxc6 $19) 38. Qxb1 Qxb1 39. Rxc6 Qa2+ (39... gxf5 {is a self mate.} 40. h4 Qa2+ 41. Kg1 Qf2+ 42. Kh1 Nf4 43. Rc8+ Kg7 44. Rc2 Qxc2 45. Kg1 Qg2#) 40. Kg1 Qf2+ (40... gxf5 41. h4 Nf4 42. Rc8+ Kg7 43. Rc2 Qxc2 44. Kf1 Qg2+ 45. Ke1 Qe2#) 41. Kh1 Nf4 (41... gxf5 {gets mated.} 42. Rc8+ Kg7 43. Rc2 Qxc2 44. Kg1 Qf2+ 45. Kh1 Ne1 46. h4 Qg2#) (41... Qxf3+ 42. Kh2 Qxc6 43. Kg3 gxf5 44. h4 f4+ 45. Kh2 Ne1 46. h5 Qg2#) 42. Rc8+ Kg7 43. Rc2 Qxc2 44. f6+ Kxf6 45. h4 Qg2#) 33. Re4 Qf6 34. Rf4 Qe6 {[%emt 0:00:00] [#] White must now prevent ...Qxb3.} 35. Qc3 Qe1 {[%emt 0:00:00] Weighted Error Value: White=0.89/Black=0.23 (precise) .  Loses game:     	White=1     	---        Mistake:       	White=1     	Black=1      Inaccurate:     	White=2     	Black=1      OK:         	White=10    	Black=4      Best:        	---       	Black=2} 0-1

[Event "Indian Blitz Championship 2023"]
[Site "Nashik"]
[Date "2024.03.07"]
[Round "7.10"]
[White "Gaurav Rajesh Zagade"]
[Black "Aronyak Ghosh"]
[Result "0-1"]
[ECO "E15"]
[WhiteElo "2124"]
[BlackElo "2517"]
[Annotator "TA"]
[PlyCount "122"]
[EventDate "2024.03.07"]
[EventType "blitz"]
[EventCountry "IND"]
[SourceTitle "playchess.com"]
[Source "ChessBase"]
[SourceQuality "1"]
[TimeControl "180+2"]

1. d4 Nf6 2. c4 e6 3. Nf3 b6 4. g3 Ba6 5. b3 Bb4+ 6. Bd2 c5 7. Bg2 Bb7 8. O-O O-O 9. Bg5 cxd4 10. Qxd4 Nc6 11. Qb2 {[%emt 0:00:21] The position is equal.} h6 12. Bxf6 Qxf6 13. Qxf6 gxf6 14. Rd1 {[%emt 0:00:02][%cal Oa2a3] aiming for a3!} Rfd8 15. Nbd2 f5 {[%emt 0:00:04] Prevents Ne4.} 16. Ne5 $2 {[%emt 0:00:17] [#]} Bc3 $1 $19 {[%emt 0:02:46] This pair of bishops is nice.} 17. Nd3 Bxa1 18. Rxa1 Rab8 19. e3 Ne7 20. Nf4 Bxg2 21. Kxg2 d5 22. cxd5 Nxd5 23. Nc4 Rbc8 24. a4 Nxf4+ 25. gxf4 {[%emt 0:00:01][%mdl 4096] Endgame. KRR-KRN} Rd3 26. Rb1 Rcd8 27. Kf3 Rd1 28. Rb2 Kf8 29. Rc2 Rc8 30. Rb2 Ke7 31. Ne5 Rcc1 32. b4 f6 33. Ng6+ Kf7 34. Nh4 Rc4 35. a5 b5 36. Ng2 Ke7 37. h4 Ra1 38. h5 Ra4 39. Nh4 Kd6 40. Rd2+ Kc6 41. Rd8 Rcxb4 (41... Raxb4 42. Re8 Kd6 43. Rh8 $19) 42. Rh8 e5 $2 (42... Rxa5 43. Rxh6 Rb1 44. Rxf6 $19) ({Black should play} 42... Re4 $19 {Strongly threatening ...b4.} 43. Rxh6 b4 (43... Rxa5 44. Rxf6 b4 45. h6 $11)) 43. Rxh6 $11 exf4 (43... Rxa5 $2 44. Rxf6+ Kc7 45. Rf7+ Kc6 46. Nxf5 $18) 44. Rxf6+ Kc7 45. Ng6 fxe3 46. fxe3 Rb1 47. h6 Rh1 48. Nf4 $2 (48. Rf7+ $11 {and White has nothing to worry.} Kc6 49. h7 (49. Rxf5 $2 {perishes.} Rxh6 50. Ne7+ Kd7 $19)) 48... b4 (48... Rxa5 $19 {Hoping for ...b4.} 49. Kg2 Re1 50. Rxf5 Ra2+ (50... Rxe3 $2 {loses.} 51. Nd5+ Kc6 52. Nxe3 $18) 51. Kg3 Rxe3+ 52. Kg4 Re8 53. Rxb5 Rh2) 49. Rxf5 $2 ({Better is} 49. Kg2 $1 $15 Rd1 50. Rxf5) 49... Rxh6 $19 50. Rb5 a6 (50... Rf6 $142 51. Ke2 Kc6) 51. Rc5+ $2 (51. Nd5+ Kc8 52. Rxb4 Rxa5 53. Rc4+ Kd7 54. e4) 51... Rc6 52. Rf5 b3 53. Nd5+ Kd6 {[%emt 0:00:01][%cal Ob3b2] ( -> ...b2!)} 54. Nb6 {[%emt 0:00:01] [#]} Rxa5 $3 {[%emt 0:00:11][%mdl 512] Black mates.} 55. Rxa5 Rxb6 {[%emt 0:00:01] KR-KR} 56. Ra1 Kc5 57. e4 b2 58. Rb1 Kd4 59. Ke2 Kc3 ({Stronger than} 59... Kxe4 60. Kd2 $11) 60. Kd1 Rd6+ 61. Ke2 Kc2 {[%emt 0:00:01] Weighted Error Value: White=0.54/Black=0.22 (precise) .  Loses game:     	White=3     	---        Missed win:     	---       	Black=1      Mistake:       	White=1     	Black=2      OK:         	White=11    	Black=20     Best:        	White=2     	Black=1      Strong:       	---       	Black=1} 0-1

[Event "Indian Blitz Championship 2023"]
[Site "Nashik"]
[Date "2024.03.07"]
[Round "8.1"]
[White "Ghosh, Diptayan"]
[Black "Hari Madhavan N B"]
[Result "1-0"]
[ECO "A11"]
[WhiteElo "2559"]
[BlackElo "2395"]
[Annotator "TA"]
[PlyCount "137"]
[EventDate "2024.03.07"]
[EventType "blitz"]
[EventCountry "IND"]
[SourceTitle "playchess.com"]
[Source "ChessBase"]
[SourceQuality "1"]
[TimeControl "180+2"]

1. Nf3 d5 2. g3 c6 3. Bg2 Nf6 4. O-O Bf5 5. c4 e6 6. Qb3 Qb6 7. d3 Nbd7 8. cxd5 exd5 9. Qc2 Be7 10. Nc3 h6 11. e4 dxe4 12. dxe4 Bh7 13. Be3 Qa5 14. h3 O-O 15. a3 Rfe8 16. Rfe1 Qc7 17. Rad1 Bc5 18. Nd4 Bb6 19. Bf4 Qc8 20. Kh2 Bc7 21. Bxc7 Qxc7 22. f4 Nb6 23. Qf2 Rad8 24. e5 Nfd5 25. Ne4 f6 26. Nd6 Re7 27. N4f5 Red7 28. Qc5 fxe5 29. fxe5 Bxf5 30. Nxf5 Rf7 31. Nd6 Re7 32. b4 Kh8 33. Qd4 (33. Qc2 $18) 33... Nc8 $16 34. Nf5 Rf7 35. Rf1 ({White should try} 35. Ne3) 35... Rdf8 $16 36. Be4 Nce7 37. g4 (37. Nxe7 $1 $14 Qxe7 38. Rxf7 Qxf7 39. Rd2 (39. Qxa7 $2 Nc3 $19) (39. Bxd5 cxd5 40. Qxa7 Qh5 $11)) 37... Ng6 $11 38. Bxd5 (38. Qxa7 $2 Qxe5+ 39. Kg1 Qxe4 $19) 38... cxd5 39. Rde1 Re8 40. Qxd5 Rxe5 41. Rxe5 Qxe5+ 42. Qxe5 Nxe5 43. Rd1 Nc4 44. a4 Nb2 45. Rd8+ Kh7 46. a5 g6 $2 (46... Nc4 $11 {and Black is okay.}) 47. Nd6 $18 Rc7 {[%emt 0:00:04] [#]} 48. Rb8 $2 (48. Ra8 $1 $18 a6 49. Ra7) 48... Nd3 $1 $11 (48... Rc2+ $2 49. Kg3 $18) 49. b5 Nc5 $1 50. Kg3 Rd7 51. Ne8 Rd3+ 52. Kf4 Rb3 53. Nd6 $2 {[%emt 0:00:01][%mdl 8192] [#]} (53. Ra8 $11) 53... Rd3 $4 (53... g5+ $1 $19 {and all is fine.} 54. Kf5 Rf3+ 55. Ke5 Nd7+ (55... Rxh3 $2 {is the wrong capture.} 56. Kd5 $18) 56. Ke4 Rf4+ (56... Rxh3 $2 {loses.} 57. Rxb7 Kg6 58. Rxd7 $18) 57. Kd5 Nxb8 58. Nxb7 Rb4) 54. Nxb7 $18 g5+ 55. Ke5 Nd7+ 56. Ke4 Rb3 $2 (56... Rxh3 {was worth a try.} 57. Ra8 Kg6 58. Rxa7 Nf6+ 59. Ke5 (59. Kd4 h5 $18) 59... Nxg4+ 60. Kd4 Nf6) 57. Rd8 $18 Nf6+ 58. Kf5 Kg7 59. Nd6 Rf3+ 60. Ke6 Re3+ 61. Kf5 Rf3+ $1 62. Ke6 Re3+ 63. Kf5 Rf3+ $1 64. Ke5 Re3+ 65. Kd4 Ra3 66. b6 axb6 67. axb6 Ra4+ 68. Kd3 Ra3+ 69. Kc2 1-0

[Event "Indian Blitz Championship 2023"]
[Site "Nashik"]
[Date "2024.03.07"]
[Round "8.2"]
[White "Dixit, Nikhil"]
[Black "Mitrabha, Guha"]
[Result "0-1"]
[ECO "B12"]
[WhiteElo "2334"]
[BlackElo "2526"]
[Annotator "TA"]
[PlyCount "120"]
[EventDate "2024.03.07"]
[EventType "blitz"]
[EventCountry "IND"]
[SourceTitle "playchess.com"]
[Source "ChessBase"]
[SourceQuality "1"]
[TimeControl "180+2"]

1. e4 c6 2. d4 d5 3. e5 Bf5 4. Nd2 e6 5. Nb3 Nd7 6. Nf3 Qc7 $1 {[%emt 0:00:00][%mdl 4] outshines the older 6...Ne7. B12: Caro-Kann: Advance Variation.} 7. Be2 f6 8. exf6 Ngxf6 9. O-O Bd6 10. c4 Qd8 $146 ({Predecessor:} 10... O-O 11. Bg5 Ne4 12. Bh4 Bg4 13. Bg3 dxc4 14. Bxc4 Ng5 15. Nxg5 Bxd1 16. Nxe6 Qc8 17. Nxf8+ {0-1 Korchmar,V (2438)-Tari,A (2656) Titled Tuesday intern op 07th Feb Late blitz 2023 (3)}) 11. cxd5 exd5 12. Bd3 Ne4 13. Bg5 Nxg5 14. Bxf5 O-O 15. Nxg5 Rxf5 16. h4 h6 17. Qg4 (17. Qd3 $11 Qf6 18. g4 Rxg5 19. hxg5 Qxg5 20. Qf5 Qxf5 21. gxf5) 17... Qf6 $17 18. Nf3 Rf8 (18... h5 $17 19. Qh3 Nf8) 19. Rae1 $11 Qf7 20. Re2 Rf4 21. Qe6 Qxe6 22. Rxe6 R4f6 23. Rfe1 Kf7 24. Rxf6+ gxf6 25. g3 h5 26. Nc1 Rg8 27. Nd3 Nf8 28. Kf1 Ne6 29. Nc1 Bc7 30. Nb3 Bb6 31. a4 a6 32. Ke2 Ng7 33. Kd3 Nf5 34. a5 Ba7 35. Nc5 $2 {[%emt 0:00:02] [#]} (35. Rc1 $11) 35... Bxc5 $2 (35... Nxd4 $1 $17 36. Nxd4 Bxc5) 36. dxc5 $11 Rg4 37. Nd2 (37. b3 $1 $11) 37... Rb4 (37... Ng7 $17 38. Nb3 Ne6) 38. Kc3 $11 Rg4 39. Ra1 (39. Kd3 $1 $11) 39... Ng7 40. Ra3 (40. Rb1 $15) 40... Ne6 $19 41. b4 {[%emt 0:00:02] [#]} f5 $1 42. Ra1 f4 ({Better is} 42... Kf6 {aiming for ...f4.} 43. Rg1 f4) 43. gxf4 $2 (43. Nf3 $17 Kf6 (43... fxg3 $2 44. Ne5+ Kg8 45. Nxg4 $18) 44. Nh2) 43... Rxf4 44. Rg1 Rxh4 45. Nf3 (45. Rg3 $142) 45... Rh3 $19 46. Rg3 Rxg3 47. fxg3 Kf6 48. Kd3 Kf5 49. Ke3 Ng5 50. Nd4+ Kg4 51. b5 cxb5 52. Nxb5 axb5 53. c6 bxc6 54. a6 Ne6 (54... Kxg3 $2 55. a7 $18) 55. a7 Nc7 (55... Kxg3 56. a8=Q (56. a8=B Nd8 57. Kd3 h4 58. Kc2 h3 59. Kd3 h2 60. Ke3 h1=Q 61. Kd4 Qc1 62. Bxc6 Qxc6 63. Kd3 Nf7 64. Ke2 Qc1 65. Kd3 Kf3 66. Kd4 Qc4#) 56... Kg4 57. Qxc6 $18) 56. Kd4 b4 57. Kc5 b3 58. Kxc6 Na8 59. Kb7 b2 60. Kxa8 Kf3 (60... b1=B $2 {perishes.} 61. Kb8 $18) 0-1

[Event "Indian Blitz Championship 2023"]
[Site "Nashik"]
[Date "2024.03.07"]
[Round "8.3"]
[White "Kaustuv, Kundu"]
[Black "Raja Rithvik R"]
[Result "0-1"]
[ECO "A13"]
[WhiteElo "2388"]
[BlackElo "2532"]
[Annotator "ChessBase"]
[PlyCount "96"]
[EventDate "2024.03.07"]
[EventType "blitz"]
[EventCountry "IND"]
[SourceTitle "playchess.com"]
[Source "ChessBase"]
[SourceQuality "1"]
[TimeControl "180+2"]

1. Nf3 d5 2. e3 Nf6 3. c4 e6 4. b3 b6 5. Bb2 Bb7 6. Nc3 Nbd7 7. Rc1 a6 8. cxd5 exd5 9. Ne2 c5 10. Ng3 g6 11. Be2 Bg7 12. O-O h5 13. Re1 h4 14. Nf1 h3 15. g3 Qe7 16. d4 Ne4 17. N3d2 Rd8 18. Qc2 cxd4 19. Bxd4 Bxd4 20. exd4 O-O 21. Bg4 Rc8 22. Qd3 Rxc1 23. Rxc1 Ng5 24. Rc7 Bc8 25. Qe3 Qd8 26. Rxc8 Qxc8 27. Qxg5 Qc6 28. Bxh3 Nf6 29. Bg2 Re8 30. h4 Re1 31. Nf3 Re2 32. Ne5 Qe6 33. Qf4 Rxa2 34. Ne3 Rb2 35. N3g4 Kg7 36. Nxf6 Qxf6 37. Qe3 Qe6 38. h5 f6 39. Nxg6 Qxe3 40. fxe3 Rxb3 41. Nh4 a5 42. Nf5+ Kh8 43. Bxd5 Rb1+ 44. Kf2 a4 45. e4 a3 46. e5 fxe5 47. dxe5 Rb5 48. Ne3 Rxd5 0-1

[Event "Indian Blitz Championship 2023"]
[Site "Nashik"]
[Date "2024.03.07"]
[Round "8.4"]
[White "Mohammad Nubairshah Shaikh"]
[Black "Ayush Sharma"]
[Result "0-1"]
[ECO "A08"]
[WhiteElo "2436"]
[BlackElo "2311"]
[Annotator "TA"]
[PlyCount "56"]
[EventDate "2024.03.07"]
[EventType "blitz"]
[EventCountry "IND"]
[SourceTitle "playchess.com"]
[Source "ChessBase"]
[SourceQuality "1"]
[TimeControl "180+2"]

1. Nf3 Nf6 2. g3 d5 3. Bg2 c5 4. O-O g6 5. c4 Bg7 6. d4 cxd4 7. cxd5 O-O 8. d6 {[%emt 0:00:17] The position is equal.} Qxd6 {[%emt 0:00:13] With the idea ...Nc6.} 9. Bf4 (9. Qxd4 $11 Qa6 10. Nc3) 9... Qb6 $15 10. Qxd4 Qxd4 11. Nxd4 Ng4 12. Be3 (12. Nb5 $17 Bxb2 13. Nc7 Bxa1 14. Nxa8) 12... Rd8 $19 13. Rc1 Na6 $1 ({And not} 13... Bxd4 14. Bxd4 Nc6 15. Bc5 $14 (15. Bxc6 Rxd4 16. Bf3 Ne5 $11)) 14. Rc4 (14. h3 {was the only chance.} Nxe3 (14... Bxd4 15. Bxd4 Rxd4 16. hxg4 $15) 15. fxe3) 14... e5 ({Weaker is} 14... Nxe3 15. fxe3 e5 16. Nb3 $19) 15. Nb3 Rd1+ 16. Bf1 Nxe3 17. fxe3 Be6 18. Rc2 Rad8 19. N1d2 $2 {[%emt 0:00:04] [#]} (19. Rd2) 19... Rxa1 20. Nxa1 Nb4 21. Rc7 Rxd2 22. Rxb7 Nd5 23. Rb8+ Bf8 24. Kf2 Kg7 25. Bg2 (25. Ke1 $142 Nxe3 (25... Bb4 26. Rxb4 Nxb4 27. Kxd2 $15) 26. Kxd2 Nxf1+ 27. Ke1 Nxh2 28. Nb3) 25... Bc5 26. Nb3 Bxe3+ 27. Ke1 Rxb2 28. Kd1 Nc3+ {[%emt 0:00:00] White got outplayed after the opening.   Weighted Error Value: White=1.22/Black=0.30.  Mistake:       	White=4     	---        Inaccurate:     	White=5     	---        OK:         	White=3     	Black=8      Best:        	---       	Black=4      Strong:       	---       	Black=1} 0-1

[Event "Indian Blitz Championship 2023"]
[Site "Nashik"]
[Date "2024.03.07"]
[Round "8.5"]
[White "Karthik Venkataraman"]
[Black "Aakash Sharadchandra, Dalvi"]
[Result "1/2-1/2"]
[ECO "B43"]
[WhiteElo "2609"]
[BlackElo "2291"]
[Annotator "TA"]
[PlyCount "79"]
[EventDate "2024.03.07"]
[EventType "blitz"]
[EventCountry "IND"]
[SourceTitle "playchess.com"]
[Source "ChessBase"]
[SourceQuality "1"]
[TimeControl "180+2"]

1. e4 c5 2. Nf3 e6 3. d4 cxd4 4. Nxd4 a6 5. a3 Nf6 6. Nc3 Qc7 7. f4 d6 8. Be3 Nbd7 9. g4 Nb6 {[%emt 0:00:13] Weiß steht etwas besser.} 10. g5 Nfd7 11. h4 {[%emt 0:00:10][%cal Bh2h4,Bh4h5][%mdl 32] Weiß steht deutlich aktiver. Die schwarzen Türme stehen passiv.} Be7 12. h5 Nc4 {[%emt 0:00:08] Lässt Qd2 nicht zu} (12... Nc5 $16) 13. Bxc4 $18 Qxc4 14. Qf3 h6 15. gxh6 Rxh6 (15... gxh6 {ist eine bessere Verteidigung.} 16. O-O-O b5) 16. O-O-O Rh7 (16... b5 $142 17. f5 b4) 17. f5 Ne5 18. Qh3 (18. Qg3 $18) 18... Bd7 $16 19. fxe6 ({Vorzuziehen ist} 19. Bf4) 19... fxe6 20. Rhg1 ({Günstiger ist} 20. Nf3 $16 {Droht Nxe5 und aus.} Nxf3 21. Qxf3) 20... O-O-O $14 21. Bg5 Bxg5+ 22. Rxg5 Kb8 (22... g6 $11 {bleibt in der Remisbreite.}) 23. Qg3 $16 Rdh8 24. Nf3 (24. Rxg7 {wäre vielleicht verwirrender.} Rxg7 25. Qxg7 Rxh5 26. Qf8+) 24... Nxf3 25. Qxf3 Qc6 26. Qg3 e5 {[%emt 0:00:01] [#]} (26... Rxh5 $14 27. Rxg7 (27. Qxd6+ $2 {ist das falsche Schlagen.} Qxd6 28. Rxd6 Rxg5 $19) 27... Kc7) 27. Rxg7 (27. Rg6 $1 $16 Qc7 (27... Rxh5 $2 {verliert.} 28. Rgxd6 Rh3 29. Qg6 $18) 28. Rgxd6) 27... Rxg7 28. Qxg7 Rxh5 29. Qf8+ Ka7 30. Rxd6 (30. Qxd6 $14 Qxd6 31. Rxd6) 30... Rh1+ $11 {[%emt 0:00:12] Die Stellung ist ausgeglichen.} 31. Rd1 Rxd1+ 32. Kxd1 {[%emt 0:00:01][%mdl 4096] Endspiel. KQB-KQN} Qb6 33. Qb4 Bg4+ 34. Kd2 Qf2+ 35. Kd3 Qf1+ 36. Kd2 Qf2+ 37. Kd3 Qf1+ 38. Kd2 Qf2+ 39. Kd3 Qf1+ 40. Kd2 {[%emt 0:00:05] Schwarz hat sich erfolgreich gewehrt.   Gewichteter Fehlerwert: Weiß=0.20 (präzise) /Schwarz=0.16 (sehr präzise) .  Fehler:       	Weiß=5     	Schwarz=5     Ungenau:       	Weiß=3     	Schwarz=2     OK:         	Weiß=8     	Schwarz=9     Bester:       	Weiß=4     	Schwarz=5} 1/2-1/2

[Event "Indian Blitz Championship 2023"]
[Site "Nashik"]
[Date "2024.03.07"]
[Round "8.6"]
[White "Sai Agni Jeevitesh, J."]
[Black "Ravi, Teja S."]
[Result "0-1"]
[ECO "D10"]
[WhiteElo "2285"]
[BlackElo "2437"]
[Annotator "TA"]
[PlyCount "86"]
[EventDate "2024.03.07"]
[EventType "blitz"]
[EventCountry "IND"]
[SourceTitle "playchess.com"]
[Source "ChessBase"]
[SourceQuality "1"]
[TimeControl "180+2"]

1. d4 d5 2. c4 c6 3. cxd5 cxd5 4. Bf4 Nc6 5. e3 Nf6 6. Nc3 a6 7. Bd3 Bg4 8. f3 Bd7 9. Nge2 e6 10. O-O (10. g4 $14) 10... Be7 11. h3 O-O {[%emt 0:00:00] The position is equal.} 12. Rc1 Rc8 13. Na4 Re8 14. Nc5 Bxc5 15. Rxc5 e5 16. Bg5 exd4 17. exd4 (17. Rxd5 $14 Re5 18. Bxf6 gxf6 19. Rxe5 Nxe5 20. Be4 (20. Nxd4 Nxd3 21. Qxd3 Bb5 $17) 20... dxe3 21. Qb3 (21. Bxb7 Rb8 $11)) 17... Nxd4 18. Bxf6 (18. Rxc8 $15 Nxe2+ 19. Qxe2 Qxc8 20. Qf2) 18... Qxf6 19. Rxd5 Nxe2+ 20. Bxe2 Be6 21. Rd2 Bxa2 22. Kh1 Be6 {[%emt 0:00:00] Black is much more active.} 23. Bd3 g6 24. Be4 Rc7 (24... b5 $19 25. Qa1 Qf4) 25. Qa4 $17 Rd8 26. Rxd8+ Qxd8 27. Rd1 Qc8 28. Kh2 Rc4 29. Qa3 (29. Qa5 $17 Qb8+ 30. Kh1) 29... Qc7+ $19 30. Kh1 Rc1 31. Rxc1 Qxc1+ {[%emt 0:00:00][%mdl 4096] Endgame. KQB-KQB} 32. Kh2 Qc7+ 33. Kh1 (33. g3 {might work better.}) 33... a5 34. Qe3 b5 35. Qd4 b4 36. h4 $2 {[%emt 0:00:02] [#]} (36. Kg1 {was called for.}) 36... h5 37. Qf6 Qd6 (37... Qc4 $142 {aiming for ...a4.} 38. Kh2 a4 39. Qd8+ Kh7) 38. Kg1 $2 (38. Bxg6 fxg6 39. Qxg6+ Kf8 (39... Kh8 40. Qxh5+ Kg7 41. Qxa5 $15) 40. Qh6+ Ke7 41. Qg5+ Kd7 42. Qxa5) 38... a4 39. Kh1 (39. Bxg6 $142 Qb6+ (39... fxg6 $2 40. Qxg6+ Kf8 41. Qh6+ Ke8 42. Qxh5+ Bf7 43. Qb5+ Kf8 44. Qxa4 $19) 40. Kh2 fxg6 41. Kh1 (41. Qxg6+ $2 Kf8 $19)) 39... a3 40. bxa3 bxa3 41. Qc3 a2 (41... Qd1+ $142 42. Kh2 a2 43. Bxg6 a1=Q (43... a1=B $2 44. Bxf7+ Bxf7 45. Qe3 $19) 44. Qxa1 Qxa1 45. Be4 Qe1 46. Bb7 Qxh4+ 47. Kg1 Kg7 48. f4 Qe1+ (48... Qxf4 {is a self mate.} 49. Bf3 Bg4 50. Ba8 h4 51. Kh1 Qf2 52. Kh2 f5 53. Kh1 f4 54. Be4 h3 55. Bd5 f3 56. Bxf3 Bxf3 57. gxf3 Qg2#) 49. Kh2 Qh4+ 50. Kg1 Qxf4 (50... Qe1+ {gets mated.} 51. Kh2 Qh4+ 52. Kg1) 51. Bf3 Qd4+ 52. Kh1 Bd5 53. Bxd5 Qxd5 54. Kg1 Qd2 55. Kh2 Qf2 (55... Qf4+ {leads to mate.} 56. Kg1 h4 57. Kh1 Qf1+ 58. Kh2 Qe1 59. g4 Qf2+ 60. Kh1 h3 61. g5 Qg2#) 56. Kh3 h4 57. Kh2 Qe1 58. g4 Qg3+ (58... hxg3+ 59. Kh3 Qf2 60. Kh4 Kg6 61. Kh3 Kf5 62. Kh4 Qh2#) 59. Kh1 h3 60. g5 Qg2#) 42. Qa1 Qf8 (42... Qb4 $142 43. g4 hxg4) 43. Kh2 Qg7 {[%emt 0:00:00] Weighted Error Value: White=0.93/Black=0.68.  Mistake:       	White=8     	Black=2      Inaccurate:     	White=5     	Black=3      OK:         	White=6     	Black=12     Best:        	White=1     	Black=1} 0-1

[Event "Indian Blitz Championship 2023"]
[Site "Nashik"]
[Date "2024.03.07"]
[Round "8.7"]
[White "Aronyak Ghosh"]
[Black "Manish Anto Cristiano F"]
[Result "1-0"]
[ECO "A11"]
[WhiteElo "2517"]
[BlackElo "2286"]
[Annotator "TA"]
[PlyCount "91"]
[EventDate "2024.03.07"]
[EventType "blitz"]
[EventCountry "IND"]
[SourceTitle "playchess.com"]
[Source "ChessBase"]
[SourceQuality "1"]
[TimeControl "180+2"]

1. Nf3 Nf6 2. c4 c6 3. e3 d5 4. Qc2 e6 5. b3 Bd6 6. Bb2 Nbd7 7. d4 Ne4 8. Be2 {[%emt 0:00:09] Weiß steht etwas besser.} O-O 9. O-O f5 10. Ba3 Qf6 11. Bxd6 Nxd6 12. Nbd2 g5 13. Ne1 Qg7 14. Nd3 Nf6 15. Nf3 Bd7 16. Nfe5 Be8 17. f3 {[%emt 0:00:09][%cal Bf2f3,Bf3f4][%mdl 32] Weiß steht aktiver.} Nd7 18. Rad1 Nxe5 19. dxe5 Nc8 20. f4 Ne7 {[%emt 0:00:00] Das kostet Schwarz die Partie.} (20... Nb6 $16) 21. Nc5 $18 Qh6 22. Nxb7 Ng6 23. Nc5 Bf7 24. g3 gxf4 25. exf4 Nxe5 $2 {[%emt 0:00:00] [#]} (25... Ne7 {kämpft weiter.} 26. Rd3 a5) 26. cxd5 cxd5 27. fxe5 {[%emt 0:00:08] Weiß steht klar auf Gewinn.} Qe3+ 28. Kh1 Rac8 29. b4 Bg6 30. Qd2 Qxe5 31. Nd7 Qd6 32. Nxf8 Rxf8 33. Bf3 f4 34. Bg2 fxg3 35. Rxf8+ Kxf8 36. Rf1+ Kg8 37. Qf4 e5 38. Qf6 Qxf6 39. Rxf6 d4 40. Re6 d3 41. Rxe5 gxh2 42. Kxh2 Kf7 43. Bf1 Kf6 44. Rd5 Ke6 45. Rd8 Ke7 46. Rd4 {[%emt 0:00:01] Gewichteter Fehlerwert: Weiß=0.04 (makellos) /Schwarz=0.32.  Fehler:       	---       	Schwarz=2     Ungenau:       	---       	Schwarz=1     OK:         	Weiß=13    	Schwarz=5     Bester:       	Weiß=3     	---} 1-0